 Dungeon Crawl Stone Soup version 0.28-a0-667-g162e43154e (webtiles) character file.

Game seed: 8109768722976230100

594 nairobi the Vexing (level 7, -3/32 HPs)
             Began as a Spriggan Enchanter on Oct 17, 2021.
             Slain by a mummy (12 damage)
             ... in an ossuary.
             The game lasted 00:12:35 (7189 turns).

nairobi the Vexing (Spriggan Enchanter)             Turns: 7189, Time: 00:12:36

Health: -3/32      AC:  8    Str:  6    XL:     7   Next: 16%
Magic:  18/18      EV: 17    Int: 16    God:
Gold:   135        SH:  0    Dex: 16    Spells: 11/19 levels left

rFire   . . .      SeeInvis +   a - +1 dagger
rCold   . . .      Faith    .   (shield restricted)
rNeg    . . .      Spirit   .   b - +0 robe
rPois   +          Reflect  .   (helmet restricted)
rElec   .          Harm     .   g - +1 cloak {rPois}
rCorr   .          Rampage  .   (gloves unavailable)
Will    +....                   (boots unavailable)
Stlth   +++.......              (no amulet)
HPRegen 0.10/turn               k - +4 ring of protection
MPRegen 0.16/turn               (no ring)

@: very quick
A: very small, no large weapons, unfitting armour, see invisible, speed 3
a: no special abilities


You were in an ossuary.
You visited 1 branch of the dungeon, and saw 4 of its levels.
You also visited: Ossuary.

You collected 135 gold pieces.

Inventory:

Hand Weapons
 a - a +1 dagger (weapon)
Missiles
 l - 40 poisoned darts (quivered)
Armour
 b - a +0 robe (worn)
 g - a +1 cloak of poison resistance (worn)
 m - a scarf of invisibility
Jewellery
 k - a +4 ring of protection (left hand)
Scrolls
 d - a scroll of teleportation
 e - a scroll of amnesia
 i - a scroll of fog
 n - a scroll of fear
Potions
 c - a potion of cancellation
 f - a potion of resistance
 j - 2 potions of heal wounds
 o - a potion of curing {unknown}
 p - a potion of lignification {unknown}


   Skills:
 - Level 1.1 Short Blades
 - Level 2.6 Dodging
 + Level 6.1 Stealth
 + Level 6.6 Spellcasting
 + Level 7.1 Hexes


You had 11 spell levels left.
You knew the following spells:

 Your Spells              Type           Power      Damage    Failure   Level
a - Ensorcelled Hibernat  Hex/Ice        32%        N/A       4%          2
b - Tukima's Dance        Hex            28%        N/A       1%          3
c - Dazzling Flash        Conj/Hex       32%        N/A       9%          3

Your spell library contained the following spells:

 Spells                   Type           Power      Damage    Failure   Level
 Confusing Touch          Hex            28%        N/A       1%          3
 Sublimation of Blood     Necr           2%         N/A       19%         2
 Wereblood                Tmut           5%         N/A       19%         2
 Summon Hydra             Summ           2%         N/A       100%        7


Dungeon Overview and Level Annotations

Branches:
Dungeon (4/15)            Ossuary (1/1)
 Temple: D:4-7

Altars:
Trog

Shops:
D:2 [


Innate Abilities, Weirdness & Mutations

You are very small and have problems with some larger weapons.
You are too small for most types of armour.
You have supernaturally acute eyesight. (SInv)
You cover ground extremely quickly. (Speed+++)


Message History

The mummy barely misses you.
You hit the mummy but do no damage.
The mummy is heavily damaged.
You hit the mummy.
The mummy is heavily damaged.
The mummy hits you.
You hit the mummy.
The mummy is severely damaged.
You hit the mummy.
The mummy is severely damaged.
The mummy hits you!
* * * LOW HITPOINT WARNING * * *
You are too injured to fight recklessly!
You are too injured to fight recklessly!
You are too injured to fight recklessly!
You are too injured to fight recklessly!
You are too injured to fight recklessly!
You are too injured to fight recklessly!
You are too injured to fight recklessly!
You are too injured to fight recklessly!
You are too injured to fight recklessly!
You are too injured to fight recklessly!
You are too injured to fight recklessly!
You are too injured to fight recklessly!
You are too injured to fight recklessly!
You are too injured to fight recklessly!
You hit the mummy but do no damage.
The mummy is severely damaged.
You closely miss the mummy.
The mummy is severely damaged.
The mummy misses you.
You hit the mummy.
The mummy is severely damaged.
The mummy hits you but does no damage.
You hit the mummy but do no damage.
The mummy is severely damaged.
You hit the mummy.
The mummy is almost destroyed.
The mummy hits you!
You die...

######################
#....................#
#......Z.Z...........#
#.....Z########......#
#...####.'..#.####...#
#..##....####.#..##..#
#..+..........'..∩#..#
#..##....####.#..##..#
#...####.@M.#.####...#
#......########......#
#....................#
#....................#
#......########......#
#...####..#...####...#
#..##.'...#..Z...##..#
#..#∩.#####.####..'..#
#..##.......#$.#.##..#


You could see a mummy.

Vanquished Creatures
  A black bear (D:4)
  A phantom (D:4)
  A centaur zombie (Ossuary)
  An orc priest (D:3)
  A hound (D:4)
  Jessica (D:2)
  An orc wizard (D:4)
  Natasha (thrice) (D:2)
  A hound zombie (Ossuary)
  A mummy (Ossuary)
  2 adders
  3 adder zombies (Ossuary)
  4 worms
  A dart slug (D:2)
  10 orcs
  8 endoplasms
  3 giant cockroaches
  3 gnoll zombies (Ossuary)
  8 goblins
  4 hobgoblins
  5 jackals
  3 kobolds
  3 quokkas
  7 ball pythons
  7 bats
  4 goblin zombies (Ossuary)
  2 hobgoblin zombies (Ossuary)
  3 jackal zombies (Ossuary)
  6 kobold zombies (Ossuary)
  3 orc zombies (Ossuary)
  2 quokka zombies (Ossuary)
  3 rats
  5 rat zombies (Ossuary)
111 creatures vanquished.

Vanquished Creatures (collateral kills)
  Crazy Yiuf (D:2)
  A gnoll (D:3)
2 creatures vanquished.

Vanquished Creatures (others)
  2 fungi (D:2)
2 creatures vanquished.

Grand Total: 115 creatures vanquished

Notes
Turn   | Place    | Note
-------+----------+-------------------------------------------
     0 | D:1      | nairobi the Spriggan Enchanter began the quest for the Orb.
     0 | D:1      | Reached XP level 1. HP: 9/9 MP: 5/5
   371 | D:1      | Reached skill level 4 in Hexes
   479 | D:1      | Reached XP level 2. HP: 13/13 MP: 7/7
   482 | D:1      | Learned a level 2 spell: Ensorcelled Hibernation
   672 | D:1      | Found a faded altar of an unknown god.
  1357 | D:2      | Found Zoheil's Antique Armour Shoppe.
  1568 | D:2      | Noticed Natasha
  1576 | D:2      | Killed Natasha
  1577 | D:2      | Reached XP level 3. HP: 16/16 MP: 5/9
  1581 | D:2      | Learned a level 3 spell: Tukima's Dance
  1585 | D:2      | Learned a level 3 spell: Dazzling Flash
  1645 | D:2      | Found a runed translucent door.
  1646 | D:2      | Noticed Crazy Yiuf
  1656 | D:2      | Killed Crazy Yiuf
  1657 | D:2      | Reached skill level 5 in Hexes
  1657 | D:2      | Reached XP level 4. HP: 21/21 MP: 3/11
  1782 | D:2      | Noticed Jessica
  1803 | D:2      | Killed Jessica
  2476 | D:2      | Noticed Natasha
  2484 | D:2      | Killed Natasha
  2485 | D:2      | Reached skill level 5 in Spellcasting
  2485 | D:2      | Reached XP level 5. HP: 23/24 MP: 7/13
  3066 | D:2      | Noticed Natasha
  3072 | D:2      | Killed Natasha
  3937 | D:3      | Reached skill level 6 in Hexes
  4182 | D:3      | Found a bloodstained altar of Trog.
  4348 | D:3      | Reached XP level 6. HP: 28/28 MP: 7/15
  4846 | D:4      | Reached skill level 5 in Stealth
  4925 | D:4      | Found a sand-covered staircase.
  4944 | Ossuary  | Entered an ossuary
  5300 | Ossuary  | Reached skill level 7 in Hexes
  5300 | Ossuary  | Reached XP level 7. HP: 31/32 MP: 17/17
  7189 | Ossuary  | Slain by a mummy

Illustrated notes

Levels and vault maps discovered:
D:1:      dpeg_arrival_refuge, layout_loops_corners,
          chequers_ecumenical_altar_simple_redux
D:2:      layout_loops_corners, serial_shops, shop, uniq_natasha,
          uniq_crazy_yiuf_cottage, uniq_jessica
D:3:      minmay_chambers_of_twos, layout_rooms, lemuel_crystal_altar
D:4:      layout_rooms, grunt_dithmenos_smoke_and_mirrors,
          nicolae_ossuary_entry_ruins
Ossuary:  minmay_ossuary_two_tombs

Skill      XL: |  1  2  3  4  5  6  7 |
---------------+----------------------+-----
Spellcasting   | 3 4 5 6 |  6.6
Hexes          | 4 5 6 7 |  7.1
Stealth        | 5 6 |  6.1
Short Blades   | |  1.1
Dodging        | |  2.6

Action                   |  1- 3 |  4- 6 |  7- 9 || total
-------------------------+-------+-------+-------++-------
Melee: Dagger            |    80 |   291 |   307 ||   678
 Cast: Ensorcelled Hiber |     8 |    60 |       ||    68
       Tukima's Dance    |     1 |     1 |       ||     2
       Dazzling Flash    |     1 |       |       ||     1
  Use: Scroll            |     1 |     3 |     1 ||     5
       Potion            |       |     1 |     4 ||     5
 Stab: Sleeping          |    12 |    37 |     3 ||    52
       Invisible         |     1 |     1 |       ||     2
       Distracted        |       |     1 |     1 ||     2
Armor: Robe              |     5 |    53 |    77 ||   135
Dodge: Dodged            |    56 |   249 |   286 ||   591

Table legend: (Time is in decaauts)
 A = Elapsed time spent in this place.
 B = Non-inter-level travel time spent in this place.
 C = Inter-level travel time spent in this place.
 D = Time resting spent in this place.
 E = Time spent auto-exploring this place.
 F = Levels seen in this place.
 G = Mean time per level.
                   A        B        C        D        E       F      G
               +--------+--------+--------+--------+--------+-----+--------+
         Total |   6049 |   5920 |    129 |   1978 |   2600 |   5 | 1209.8 |
       Dungeon |   4000 |   3871 |    129 |    875 |   2233 |   4 | 1000.0 |
       Ossuary |   2048 |   2048 |      0 |   1103 |    367 |   1 | 2048.0 |
               +--------+--------+--------+--------+--------+-----+--------+

Top non-repeatable levels by time:
 Ossuary: 2048 daAuts
     D:2: 1577 daAuts
     D:3: 1231 daAuts
     D:1: 1066 daAuts
     D:4: 125 daAuts
